 Dungeon Sprint DCSS version 0.21.1-1-g345015f (webtiles) character file.

7445 sanboga the Severer (level 11, 0/80 HPs)
             Began as a Gargoyle Berserker on Feb 11, 2018.
             Was the Champion of Trog.
             Slain by an orc warrior
             ... wielding a +0 halberd
              (10 damage)
             ... in the Dungeon (Sprint IX: "|||||||||||||||||||||||||||||").
             The game lasted 00:05:21 (1831 turns).

sanboga the Severer (Gargoyle Berserker)            Turns: 1831, Time: 00:05:22

Health: 0/80       AC: 35    Str: 27    XL:     11   Next: 15%
Magic:  11/11      EV:  9    Int:  8    God:    Trog [******]
Gold:   680        SH:  0    Dex:  9    Spells: 10/10 levels left

rFire    . . .     SeeInvis .   u - +3 executioner's axe (flame)
rCold    . . .     Gourm    .   (shield currently unavailable)
rNeg     + . .     Faith    .   m - +5 chain mail
rPois    ∞         Spirit   .   p - +0 helmet
rElec    +         Reflect  .   (no cloak)
rCorr    .         Harm     .   a - +2 pair of gloves
MR       .....     NoTele   +   t - +0 pair of boots
Stlth    ..........             (no amulet)
HPRegen  0.23/turn              n - +2 ring of protection
MPRegen  0.12/turn              o - +3 ring of strength

@: berserk cooldown, slowed, very slow
A: negative energy resistance 1, electricity resistance, unbreathing,
petrification resistance, rot immunity, AC +8
a: Berserk, Trog's Hand, Brothers in Arms, Burn Spellbooks, Renounce Religion


You were in the Dungeon.
You worshipped Trog.
Trog was exalted by your worship.
You were near starving.

You visited 1 branch You collected 680 gold pieces.

Inventory:

Hand Weapons
 r - a +6 antimagic battleaxe
 u - a +3 executioner's axe of flaming (weapon)
Armour
 a - a +2 pair of gloves (worn)
 m - a +5 chain mail (worn)
 p - a +0 helmet (worn)
 t - a +0 pair of boots (worn)
Jewellery
 n - a +2 ring of protection (left hand)
 o - a +3 ring of strength (right hand)
Wands
 l - a wand of acid (10)
Scrolls
 i - 3 scrolls of blinking
 k - 3 scrolls of remove curse
 q - a scroll of identify
Potions
 b - a potion of mutation
 d - 6 potions of curing
 e - 7 potions of heal wounds
 f - 2 potions of haste
 h - a potion of berserk rage
 j - a potion of invisibility
Books
 g - a book of Geomancy

   Spells                             Type                      Level
   a - Sandblast                      Earth                        1
   b - Passwall                       Transmutation/Earth          2
   c - Stone Arrow                    Conjuration/Earth            3
   d - Petrify                        Transmutation/Earth          4
   e - Lee's Rapid Deconstruction     Earth                        5
   Trog disapproves of the use of such an item.
Comestibles
 c - 11 rations


   Skills:
 + Level 14.4 Fighting
 * Level 16.6 Axes
 + Level 14.3 Armour
 - Level 1.5 Dodging


You had 10 spell levels left.
You didn't know any spells.

Dungeon Overview and Level Annotations

Branches:
Dungeon (1/1)

Altars:
Cheibriados
Dithmenos
Elyvilon
Fedhas
Gozag
Hepliaklqana
Kikubaaqudgha
Makhleb
Nemelex Xobeh
Okawaru
Qazlal
Ru
Sif Muna
Trog
Uskayaw
Vehumet
Wu Jian
Xom
Yredelemnul
Zin
The Shining One
Beogh
Jiyva
Lugonu


Innate Abilities, Weirdness & Mutations

You are resistant to torment.
Your stone body is resilient. (AC +8)
You are immune to poison.
You resist negative energy. (rN+)
You are resistant to electric shocks. (rElec)
You can survive without breathing.
You are immune to petrification.
You are immune to rotting.


Message History

You barely miss the orc priest.
The orc priest calls down the wrath of Beogh upon you.
Beogh smites you! The orc warrior misses you. The orc priest misses you.
You slice the orc priest like a ripe choko!!!
You burn the orc priest.
You kill the orc priest!
Trog accepts your kill.
The orc warrior hits you from afar with a halberd.
The orc warrior suddenly cheers, as Orcs often do.
The orc warrior hits you but does no damage.
The orc knight hits you with a dire flail!!
* * * LOW HITPOINT WARNING * * *
Items here: $ )) [ † a flail; a battleaxe; a plate armour; 100 gold pieces; an orc corpse You hit the orc knight but do no damage.
The orc warrior barely misses you.
The orc knight hits you with a dire flail!
* * * LOW HITPOINT WARNING * * *
The orc warrior hits you from afar with a halberd!
You die...

▓_▓.▓.▓.▓
▓_▓.▓.▓.▓.▓
▓_▓.▓.▓)▓.▓
▓_▓.▓.▓)▓.▓
▓_▓.▓.▓.▓.▓
▓_▓.▓.▓.▓o▓
▓_▓.▓†▓.▓o▓
▓_▓.▓(▓.▓o▓
▓_▓.▓†▓.▓@▓
▓_▓.▓'▓.▓)▓
▓_▓.▓.▓.▓)▓
▓_▓.▓.▓.▓)▓
▓_▓.▓.▓.▓)▓
▓_▓.▓.▓.▓)▓
▓_▓.▓.▓.▓.▓
▓_▓.▓)▓.▓.▓
▓_▓.▓.▓.▓.▓


You could see an orc knight and 2 orc warriors.

Vanquished Creatures
  2 orc knights (D)
  2 ugly things (D)
  An orc sorcerer (D)
  A manticore (D)
  2 black mambas (D)
  A komodo dragon (D)
  A polar bear (D)
  A troll (D)
  3 hippogriffs (D)
  A blink frog (D)
  Eustachio (D)
  A basilisk (D)
  2 wargs (D)
  2 hell hounds (D)
  2 water moccasins (D)
  8 orc warriors (D)
  An ice beast (D)
  4 wolves (D)
  3 crocodiles (D)
  A big kobold (D)
  6 bullfrogs (D)
  A scorpion (D)
  3 orc priests (D)
  An iguana (D)
  An orc wizard (D)
  A worker ant (D)
  An adder (D)
  2 shadow imps (D)
  An ooze (D)
  An adder skeleton (D)
  A dart slug (D)
  8 orcs (D)
  A goblin (D)
  A hobgoblin (D)
  A bat (D)
  A rat (D)
71 creatures vanquished.

Notes
Turn   | Place    | Note
-------+----------+-------------------------------------------
     0 | D        | sanboga the Gargoyle Berserker began the quest for the Orb.
     0 | D        | Reached XP level 1. HP: 14/14 MP: 1/1
    12 | D        | Reached skill level 3 in Axes
    14 | D        | Reached ** piety under Trog
    15 | D        | Reached XP level 2. HP: 15/20 MP: 2/2
   110 | D        | Reached *** piety under Trog
   110 | D        | Reached skill level 4 in Axes
   123 | D        | Reached skill level 5 in Axes
   123 | D        | Reached XP level 3. HP: 3/25 MP: 3/3
   131 | D        | Reached skill level 5 in Fighting
   404 | D        | Found a roughly hewn altar of Beogh.
   404 | D        | Found a snail-covered altar of Cheibriados.
   404 | D        | Found a shadowy altar of Dithmenos.
   404 | D        | Found a white marble altar of Elyvilon.
   404 | D        | Found a blossoming altar of Fedhas.
   404 | D        | Found an opulent altar of Gozag.
   405 | D        | Found a hazy altar of Hepliaklqana.
   406 | D        | Found a viscous altar of Jiyva.
   407 | D        | Found an ancient bone altar of Kikubaaqudgha.
   408 | D        | Found a corrupted altar of Lugonu.
   409 | D        | Found a burning altar of Makhleb.
   410 | D        | Found a sparkling altar of Nemelex Xobeh.
   411 | D        | Found an iron altar of Okawaru.
   412 | D        | Found a stormy altar of Qazlal.
   413 | D        | Found a sacrificial altar of Ru.
   414 | D        | Found a deep blue altar of Sif Muna.
   415 | D        | Found a bloodstained altar of Trog.
   416 | D        | Found a hide-covered altar of Uskayaw.
   417 | D        | Found a radiant altar of Vehumet.
   418 | D        | Found an ornate altar of the Wu Jian Council.
   419 | D        | Found a shimmering altar of Xom.
   420 | D        | Found a basalt altar of Yredelemnul.
   421 | D        | Found a glowing silver altar of Zin.
   422 | D        | Found a glowing golden altar of the Shining One.
   470 | D        | Noticed a troll
   470 | D        | Noticed an ice beast
   470 | D        | Noticed a scorpion
   470 | D        | Noticed a bullfrog
   470 | D        | Noticed a big kobold
   482 | D        | Killed a big kobold
   482 | D        | Reached **** piety under Trog
   482 | D        | Reached skill level 6 in Axes
   482 | D        | Reached skill level 5 in Armour
   482 | D        | Reached XP level 4. HP: 29/32 MP: 4/4
   482 | D        | Reached XP level 5. HP: 32/36 MP: 5/5
   487 | D        | Reached skill level 7 in Axes
   491 | D        | Reached skill level 8 in Axes
   491 | D        | Reached XP level 6. HP: 38/44 MP: 6/6
   498 | D        | Killed an ice beast
   498 | D        | Reached skill level 9 in Axes
   505 | D        | Killed a troll
   505 | D        | Reached skill level 10 in Axes
   505 | D        | Reached XP level 7. HP: 22/50 MP: 7/7
   506 | D        | Reached ***** piety under Trog
   710 | D        | Noticed a manticore
   710 | D        | Noticed a white ugly thing
   710 | D        | Noticed a brown ugly thing
   719 | D        | Killed a cyan ugly thing
   719 | D        | Reached skill level 10 in Fighting
   719 | D        | Reached skill level 11 in Axes
   719 | D        | Reached XP level 8. HP: 57/57 MP: 8/8
   724 | D        | Killed a brown ugly thing
   724 | D        | Reached skill level 12 in Axes
   724 | D        | Reached skill level 10 in Armour
   726 | D        | Received a gift from Trog
   734 | D        | Killed a manticore
   734 | D        | Reached XP level 9. HP: 43/64 MP: 9/9
   954 | D        | Found the +7 sceptre of Torment
   984 | D        | Noticed a black mamba
   996 | D        | Reached skill level 13 in Axes
  1005 | D        | Killed a black mamba
  1013 | D        | Received a gift from Trog
  1013 | D        | Reached skill level 14 in Axes
  1043 | D        | Reached ****** piety under Trog
  1187 | D        | Noticed a komodo dragon
  1191 | D        | Killed a komodo dragon
  1192 | D        | Noticed a black mamba
  1196 | D        | Reached XP level 10. HP: 72/72 MP: 10/10
  1209 | D        | Received a gift from Trog
  1217 | D        | Killed a black mamba
  1217 | D        | Reached skill level 15 in Axes
  1255 | D        | Received a gift from Trog
  1377 | D        | Noticed Eustachio
  1392 | D        | Killed Eustachio
  1392 | D        | Received a gift from Trog
  1451 | D        | Noticed an orc sorcerer
  1462 | D        | Noticed a rust devil
  1465 | D        | Noticed a smoke demon
  1473 | D        | Killed an orc sorcerer
  1484 | D        | Received a gift from Trog
  1503 | D        | Reached skill level 16 in Axes
  1801 | D        | Noticed an orc knight
  1804 | D        | Received a gift from Trog
  1812 | D        | Killed an orc knight
  1812 | D        | Reached XP level 11. HP: 69/80 MP: 11/11
  1817 | D        | Noticed an orc knight
  1824 | D        | Noticed an orc knight
  1827 | D        | Killed an orc knight
  1831 | D        | Slain by an orc warrior

Skill      XL: |  1  2  3  4  5  6  7  8  9 10 |
---------------+-------------------------------+-----
Axes           | 3 5 6 8 10 11 12 14 16 | 16.6
Armour         | 3 4 5 6 8 9 11 12 14 | 14.3
Fighting       | 4 6 7 8 10 11 12 14 | 14.4
Dodging        | |  1.5

Action                   |  1- 3 |  4- 6 |  7- 9 | 10-12 || total
-------------------------+-------+-------+-------+-------++-------
Melee: Hand axe          |    48 |       |       |       ||    48
       Broad axe         |    12 |    22 |    24 |       ||    58
       War axe           |       |       |    43 |       ||    43
       Battleaxe         |       |       |     6 |    59 ||    65
       Executioner's axe |       |       |       |    66 ||    66
Invok: Berserk           |       |     1 |     2 |     2 ||     5
  Use: Scroll            |       |       |     6 |       ||     6
  Eat: Chunk             |       |       |     3 |     3 ||     6
Armor: Animal skin       |    13 |       |       |       ||    13
       Chain mail        |     5 |    18 |    54 |    88 ||   165
Dodge: Dodged            |    32 |    10 |    31 |    52 ||   125
